AoeStats
← samuel_ojeda

MegaRandom

510449552Analyzed
3v3 RM · 6h ago on Oct 1, 2026· 39m 28s· 6 players
Game mode
Random Map
Map size
Normal (6 player)
Population
200
Speed
Normal
Resources
Standard
Victory
Conquest
Starting age
Dark Age
Ending age
Imperial Age
RankedLock teamsTeams togetherTeam positionsShared explorationLock speedFull tech treeHidden civsTurbo modeCheats
Victory
Defeat
🇺🇸 Tatars · United States
1295
+15
🇺🇸 Lithuanians · United States
1295
+15
🇺🇸 Ethiopians · United States
1237
+17
🇦🇷 Mongols · Argentina
1313
-18
🇦🇷 Ethiopians · Argentina
1265
-16
🇦🇷 Portuguese · Argentina
1210
-13
samuel_ojeda
8:54 Feudal Age
9:01 Man-at-Arms
9:43 Loom
9:52 Double-Bit Axe
16:05 Fletching
16:59 Padded Archer Armor
22:40 Castle Age
20:41 Horse Collar
21:31 Gold Mining
23:19 Bodkin Arrow
22:46 Crossbowman
23:40 Bow Saw
23:58 Leather Archer Armor
24:35 Heavy Plow
25:36 Ballistics
26:41 Thumb Ring
35:44 Imperial Age
35:45 Wheelbarrow
34:56 Town Watch
36:27 Bracer
35:52 Arbalester
Alejandro Manco
7:15 Loom
9:30 Feudal Age
10:54 Fletching
11:16 Padded Archer Armor
11:53 Town Watch
12:56 Gold Mining
14:20 Double-Bit Axe
24:01 Castle Age
22:14 Horse Collar
24:34 Wheelbarrow
24:44 Bodkin Arrow
24:11 Crossbowman
26:00 Fervor
26:24 Heavy Plow
26:51 Sanctity
26:43 Fervor
26:53 Stone Mining
29:21 Leather Archer Armor
31:00 Hand Cart
31:38 Thumb Ring
36:38 Thumb Ring
39:09 Imperial Age
mauro.escalier
6:44 Loom
9:16 Feudal Age
9:45 Double-Bit Axe
10:57 Horse Collar
19:16 Gold Mining
21:34 Castle Age
20:11 Wheelbarrow
19:48 Scale Barding Armor
19:55 Bloodlines
21:22 Forging
23:13 Wheelbarrow
22:42 Husbandry
25:06 Chain Barding Armor
Kanaroko
8:46 Loom
10:53 Feudal Age
11:53 Double-Bit Axe
16:20 Castle Age
16:05 Scale Barding Armor
18:35 Wheelbarrow
21:18 Bow Saw
23:21 Bloodlines
23:18 Horse Collar
23:33 Fletching
24:02 Husbandry
24:27 Stone Mining
25:43 Bodkin Arrow
27:36 Hand Cart
28:20 Heavy Plow
28:29 Padded Archer Armor
30:00 Leather Archer Armor
30:49 Gold Mining
33:25 Ballistics
36:46 Imperial Age
36:56 Masonry
38:50 Conscription
38:30 Silk Armor
37:57 Heavy Cavalry Archer
38:38 Bracer
39:09 Ring Archer Armor
39:57 Gold Shaft Mining
Epidemic
11:28 Feudal Age
11:43 Loom
15:19 Castle Age
13:22 Loom
14:32 Double-Bit Axe
14:29 Horse Collar
15:43 Scale Barding Armor
17:10 Husbandry
17:57 Bow Saw
18:18 Gold Mining
19:24 Chain Barding Armor
22:21 Wheelbarrow
21:56 Heavy Plow
23:46 Bloodlines
23:29 Fletching
25:37 Hand Cart
25:45 Fervor
27:58 Forging
27:58 Stone Mining
29:43 Iron Casting
32:22 Hill Forts
32:32 Bodkin Arrow
36:07 Stone Shaft Mining
36:42 Town Watch
41:57 Imperial Age
Klaleus
7:11 Loom
9:23 Feudal Age
9:53 Double-Bit Axe
17:54 Fletching
25:34 Castle Age
23:30 Horse Collar
24:23 Padded Archer Armor
24:49 Gold Mining
25:34 Crossbowman
26:11 Bodkin Arrow
27:21 Bow Saw
29:57 Thumb Ring
32:14 Heavy Plow
35:44 Wheelbarrow
38:01 Stone Mining
39:33 Hand Cart
42:31 Imperial Age
Connection lost

Rejoining the realm…

Still unreachable

The connection could not be restored.

Session expired

The server has moved on; the page needs a fresh start.